Map: Miner Evacuation

Players

raincamp

  • Race: Terran Terran
  • Spawn Location: 7:00

raincamp

  • Race: Terran Terran
  • Spawn Location: 7:00

VOD

Have the link to the VOD?

Description

Time

  • Played on: Jan. 4, 2018, 9:55 a.m.
  • Length: 17:15
Show
View Real Time Build Order
Export as new Build Order

raincamp Terran 

Build Orders:  

Get SALT Encoding   

  12  0:03  SCV  
  13  0:20  SCV  
  14  0:34  Refinery  
  14  0:37  SCV  
  15  0:49  Refinery  
  15  0:53  SCV  
  16  1:10  SCV  
  17  1:23  Barracks  
  17  1:27  SCV  
  18  1:44  SCV  
  19  2:01  SCV  
  20  2:18  SCV  
  21  2:31  Factory  
  21  2:35  SCV  
  22  2:47  Command Center  
  22  2:52  SCV  
  22  2:57  Engineering Bay  
  22  2:58  Barracks Tech Lab  
  23  3:09  SCV  
  24  3:33  Starport  
  24  3:37  Armory  
  24  3:55  Super Stimpack  
  24  4:33  Defensive Drone  
  24  4:40  Laser Targeting System  
  24  4:47  Elite Marine  
  28  5:15  Refinery  
  28  5:17  SCV  
  28  5:19  Refinery  
  29  5:34  SCV  
  29  5:41  SCV  
  29  5:45  Defensive Drone  
  30  5:51  SCV  
  30  5:58  SCV  
  32  6:02  Terran Vehicle and Ship Weapons Level 1, Terran Infantry Weapons Level 1  
  32  6:04  Factory Tech Lab  
  32  6:05  Starport Tech Lab  
  32  6:08  SCV  
  33  6:15  SCV  
  34  6:35  SCV x2  
  36  6:44  Spider Mines  
  36  6:46  Suppression Shells  
  36  6:52  SCV x2  
  38  7:08  SCV  
  38  7:09  SCV  
  40  7:14  Graduating Range  
  40  7:16  Suppression Shells, Ghost Visor  
  40  7:35  Elite Marine  
  44  7:47  Defensive Drone  
  44  7:52  SCV  
  44  7:54  SCV  
  46  8:01  Operational Efficiency  
  46  8:09  SCV  
  47  8:29  Heavy Siege Tank  
  53  8:52  Heavy Siege Tank  
  59  9:13  Defensive Drone  
  59  9:38  Raven Type-II  
  61  9:47  Railgun Turret  
  61  9:48  Tactical Airlift  
  63  9:57  Defensive Drone  
  61  10:02  Hellbat Rangers  
  61  10:03  Hellbat Rangers  
  69  10:42  Terran Vehicle and Ship Weapons Level 2, Terran Infantry Weapons Level 2  
  69  10:49  Railgun Turret  
  69  11:12  Defensive Drone  
  69  11:18  Defensive Drone  
  69  11:56  Tactical Airlift  
  71  12:06  Defensive Drone  
  69  12:25  Raid Liberator  
  75  12:53  Elite Marine  
  75  12:54  Hellbat Rangers  
  83  13:31  Defensive Drone  
  83  13:34  Griffin Airstrike  
  80  13:52  Railgun Turret  
  80  14:16  Tactical Airlift  
  80  14:31  Raid Liberator  
  86  14:40  Defensive Drone  
  86  14:47  Defensive Drone  
  85  15:03  Defensive Drone  
  85  15:07  Griffin Airstrike  
  75  15:41  Defensive Drone  
  75  15:45  Defensive Drone  
  74  15:54  Railgun Turret  
Show
View Real Time Build Order
Export as new Build Order

raincamp Terran 

Build Orders:  

Get SALT Encoding   

  12  0:38  Supply Depot  
Tags
 
Commander
NovaRaynor
Matchup
Co-op
Replay Pack
Co-op Speedrun
Add a new tag
Caveats
  • Supply blocks, unpowered buildings, or Contaminate may cause inaccurate times.
  • Supply counts are checked every 10 seconds.